 Dungeon Crawl Stone Soup version 0.19-a0-770-g33a097e (webtiles) character file.

64404 shmeve the Blocker (level 14, -7/133 HPs)
             Began as a Minotaur Berserker on June 25, 2016.
             Was the Champion of Trog.
             Mangled by an orc warrior
             ... wielding a +2 mace of protection
              (17 damage)
             ... on level 2 of the Orcish Mines.
             The game lasted 00:52:36 (18377 turns).

shmeve the Blocker (Minotaur Berserker)            Turns: 18377, Time: 00:52:36

Health: -7/133     AC: 15    Str: 28    XL:     14   Next: 71%
Magic:  4/4        EV: 12    Int:  4    God:    Trog [******]
Gold:   1686       SH:  7    Dex: 11    Spells: 0 memorised, 13 levels left

rFire  . . .     SeeInvis +     m - +1 broad axe (antimagic)
rCold  . . .     Gourm    .     w - +0 plate armour
rNeg   . . .     Faith    .     v - +0 buckler
rPois  .         Spirit   .     (helmet restricted)
rElec  .         Dismiss  .     A - +2 cloak
rCorr  .         Reflect  .     (no gloves)
SustAt .         Harm     .     r - +2 pair of boots
MR     +....                    (no amulet)
Stlth  ..........               M - ring of Suulocze {Str+2 Slay+3 SInv}
                                p - +2 ring of protection

@: exhausted, about to teleport, corroded, slowed, very slow, somewhat resistant
to hostile enchantments, extremely unstealthy
A: retaliatory headbutt, horns 2
a: Berserk, Trog's Hand, Brothers in Arms, Burn Spellbooks, Renounce Religion


You were on level 2 of the Orcish Mines.
You worshipped Trog.
Trog was exalted by your worship.
You were hungry.

You visited 3 branches of the dungeon, and saw 19 of its levels.
You also visited: Sewer.

You collected 2124 gold pieces.
You spent 438 gold pieces at shops.

Inventory:

Hand Weapons
 m - a +1 antimagic broad axe (weapon)
 Y - a +5 hunting sling of freezing
Missiles
 q - 206 sling bullets
Armour
 r - a +2 pair of boots (worn)
 v - a +0 buckler (worn)
 w - a +0 plate armour (worn)
 A - a +2 cloak (worn)
Jewellery
 p - a +2 ring of protection (left hand)
 M - the ring of Suulocze (right hand) {Str+2 Slay+3 SInv}
   (You bought it in a shop on level 4 of the Dungeon)

   [ring of strength]

   It affects your strength (+2).
   It affects your accuracy and damage with ranged weapons and melee attacks
   (+3).
   It lets you see invisible.
Wands
 y - a wand of disintegration (18/24)
 V - a wand of digging (0/24)
Scrolls
 a - a scroll of fog {unknown}
 d - 15 scrolls of identify
 h - 3 scrolls of magic mapping
 o - 6 scrolls of teleportation
 s - 5 scrolls of enchant weapon
 z - 2 scrolls of enchant armour {unknown}
 C - 2 scrolls of recharging
 D - 5 scrolls of noise {unknown}
 F - 5 scrolls of remove curse
 I - a scroll of acquirement {unknown}
 K - a scroll of blinking {unknown}
 U - a scroll of summoning {unknown}
 Z - 4 scrolls of fear {unknown}
Potions
 b - 2 potions of heal wounds {unknown}
 e - 5 potions of flight {unknown}
 i - a potion of haste {unknown}
 j - 5 potions of degeneration {unknown}
 k - 12 potions of curing
 n - 7 potions of lignification {unknown}
 u - 4 potions of agility {unknown}
 x - a potion of beneficial mutation {unknown}
 B - 2 potions of magic {unknown}
 E - 2 potions of invisibility {unknown}
 H - 4 potions of might {unknown}
 J - 2 potions of ambrosia {unknown}
 L - 4 potions of brilliance {unknown}
 O - a potion of resistance {unknown}
 P - a potion of berserk rage {unknown}
 X - a potion of mutation {unknown}
Comestibles
 c - 8 bread rations
 f - 3 slices of pizza
 g - 8 meat rations
 l - 2 fruits
 t - 4 chunks of flesh
 G - 14 royal jellies
 Q - 4 beef jerkies


   Skills:
 * Level 14.5 Fighting
 * Level 14.7 Axes
 + Level 9.3 Slings
 + Level 10.7 Armour
 + Level 10.2 Dodging
 * Level 14.9 Shields


You had 13 spell levels left.
You didn't know any spells.

Dungeon Overview and Level Annotations

Branches:
Dungeon (11/15)            Temple (0/1) D:4            Lair (6/6) D:11
  Swamp (0/4) Lair:2       Spider (0/4) Lair:3        Slime (0/5) Lair:6
    Orc (2/2) D:10            Elf (0/3) Orc:2

Altars:
Fedhas
Gozag
Nemelex Xobeh
Vehumet
Yredelemnul
Zin
Beogh

Shops:
D:4 [?=?


Innate Abilities, Weirdness & Mutations

You reflexively headbutt those who attack you in melee.
You have a pair of horns on your head.


Message History

The orc knight draws strength from your injuries!
The orc closely misses you. You furiously retaliate!
You headbutt the orc!
You kill the orc!
Trog accepts your kill. The orc warrior closely misses you.
The orc warrior completely misses you. You furiously retaliate!
You headbutt the orc warrior.
You see here a sling bullet.
Unknown command.
Unknown command.
Unknown command.
As you read the scroll of teleportation, it crumbles to dust.
You feel strangely unstable.
The orc knight roars a battlecry!
The orc warriors go into a battle-frenzy!
The orc knight hits you with a vampiric battleaxe!
* * * LOW HITPOINT WARNING * * *
The orc knight draws strength from your injuries!
The orc warrior complains noisily, as Orcs often do.
The orc warrior hits you with a mace of protection!
You die...

####### ###.....###
###.........###
##....oo.......##
#....)@)........#######
#.#.#(#o#.#.#.#.#)##.(#
....(.[).......)))[(...
#...............))))...
................).).....
.#.#.#.#.#.#.#.#.#.....#
#...............###..##
##.............## #...#
###.........## ##.##


You could see an orc knight and 2 orc warriors.

Vanquished Creatures
  Maud (Lair:3)
  Josephine (D:11)
  6 hydras
  A catoblepas (Lair:4)
  15 death yaks
  An orc high priest (Orc:2)
  The ghost of bob245171 the Grappler, a novice MiFi of Trog (D:8)
  3 hill giants (D:10)
  A lindwurm (Lair:6)
  An orc knight (Orc:2)
  An orb spider (Lair:3)
  A wolf spider (Lair:6)
  2 hornets (Lair:6)
  The ghost of Laraso the Carver, a novice VSAs of Trog (D:7)
  An orc sorcerer (Orc:1)
  2 cyclopes
  A griffon (Lair:6)
  A guardian serpent (Lair:6)
  4 black mambas
  17 spiny frogs
  A centaur skeleton (D:9)
  A kobold demonologist (D:11)
  5 rime drakes
  6 komodo dragons
  9 polar bears
  3 trolls
  3 raiju (Lair:6)
  A boulder beetle (Lair:4)
  8 blink frogs
  Sigmund (D:4)
  10 wyverns
  29 yaks
  5 wraiths (D:11)
  4 basilisks
  9 hippogriffs
  A hungry ghost (D:7)
  3 steam dragons
  9 wargs
  The ghost of broliato the Sneak, an amateur KoAs (D:3)
  A soldier ant (D:11)
  5 hell hounds (Lair:6)
  10 porcupines
  23 water moccasins
  2 sky beasts
  Purgy (Sewer)
  15 black bears
  16 orc warriors
  3 ice beasts
  4 wasps (Lair:6)
  11 ogres
  20 wolves
  5 centaurs
  10 crocodiles
  A big kobold (D:8)
  13 giant frogs
  Blork the orc (D:4)
  19 killer bees
  4 wights (D:6)
  6 electric eels (Lair:2)
  A centaur zombie (D:6)
  5 crimson imps
  A quasit (D:9)
  3 giant frog skeletons
  16 hounds
  26 orc priests
  A gnoll shaman (D:6)
  5 iguanas
  13 worker ants
  14 orc wizards
  11 sheep
  A centaur simulacrum (D:9)
  3 hound zombies
  A worker ant zombie (D:10)
  9 gnolls
  16 adders
  A howler monkey skeleton (D:6)
  29 river rats
  3 shadow imps (D:6)
  3 white imps (D:9)
  An ufetubus (D:9)
  3 oozes
  2 adder skeletons
  2 worms (D:3)
  2 dart slugs
  3 giant geckos
  51 orcs
  3 giant cockroaches
  4 goblins
  5 hobgoblins
  13 jackals
  13 kobolds
  5 quokkas
  A ball python (D:3)
  5 bats
  A giant gecko skeleton (D:6)
  2 giant newts
  A jackal skeleton (D:6)
  6 rats
  2 fungi (Lair:4)
628 creatures vanquished.

Vanquished Creatures (others)
  A crocodile (Lair:6)
  19 fungi
  34 plants (Lair:6)
54 creatures vanquished.

Grand Total: 682 creatures vanquished

Notes
Turn   | Place    | Note
--------------------------------------------------------------
     0 | D:1      | shmeve the Minotaur Berserker began the quest for the Orb.
     0 | D:1      | Reached XP level 1. HP: 19/19 MP: 0/0
    45 | D:1      | Reached XP level 2. HP: 13/27 MP: 1/1
   707 | D:2      | Reached XP level 3. HP: 33/33 MP: 2/2
   742 | D:2      | Reached ** piety under Trog
  1231 | D:3      | Reached skill level 1 in Shields
  1307 | D:3      | Reached XP level 4. HP: 29/40 MP: 3/3
  1589 | D:3      | Found a radiant altar of Vehumet.
  1870 | D:3      | Reached *** piety under Trog
  2033 | D:3      | Noticed broliato's ghost (amateur KoAs)
  2043 | D:3      | Killed broliato's ghost
  2043 | D:3      | Reached skill level 5 in Shields
  2043 | D:3      | Reached XP level 5. HP: 46/46 MP: 4/4
  2165 | D:4      | Found a staircase to the Ecumenical Temple.
  2183 | D:4      | Found Jaufucs's Magic Scroll Emporium.
  2189 | D:4      | Found Nushamod's Antique Armour Shop.
  2251 | D:4      | Noticed Blork the orc
  2265 | D:4      | Killed Blork the orc
  2265 | D:4      | Reached XP level 6. HP: 51/53 MP: 5/5
  2294 | D:4      | Found Keyg Voh's Jewellery Emporium.
  2305 | D:4      | Found Odaid's Magic Scroll Shop.
  2356 | D:4      | HP: 1/53 [ogre/giant spiked club (9)]
  2690 | D:4      | Reached skill level 1 in Slings
  2704 | D:4      | Reached skill level 5 in Axes
  2745 | D:4      | Found a blossoming altar of Fedhas.
  2747 | D:4      | Found a glowing silver altar of Zin.
  2843 | D:4      | Noticed Sigmund
  2852 | D:4      | Killed Sigmund
  2852 | D:4      | Reached skill level 5 in Fighting
  2852 | D:4      | Reached XP level 7. HP: 61/61 MP: 6/6
  2957 | D:4      | Found a basalt altar of Yredelemnul.
  3232 | D:5      | Entered Level 5 of the Dungeon
  3337 | D:5      | Found a glowing drain.
  3341 | Sewer    | Entered a sewer
  3478 | Sewer    | Noticed Purgy
  3493 | Sewer    | Killed Purgy
  4211 | D:6      | Found an opulent altar of Gozag.
  4246 | D:6      | Reached XP level 8. HP: 62/70 MP: 7/7
  4473 | D:6      | Reached **** piety under Trog
  4834 | D:7      | Noticed Laraso's ghost (novice VSAs)
  4842 | D:7      | Killed Laraso's ghost
  4842 | D:7      | Reached skill level 5 in Armour
  4842 | D:7      | Reached XP level 9. HP: 79/79 MP: 8/8
  4886 | D:7      | Found a sparkling altar of Nemelex Xobeh.
  4917 | D:7      | Reached skill level 5 in Dodging
  5115 | D:7      | Received a gift from Trog
  5451 | D:8      | Noticed bob245171's ghost (novice MiFi)
  5466 | D:8      | Killed bob245171's ghost
  5538 | D:8      | Reached XP level 10. HP: 85/90 MP: 9/9
  5704 | D:4      | Bought the ring of Suulocze {Str+2 Slay+3 SInv} for 438 gold pieces
  6556 | D:9      | Found a basalt altar of Yredelemnul.
  6792 | D:9      | Reached ***** piety under Trog
  6978 | D:9      | Received a gift from Trog
  7070 | D:9      | Reached skill level 10 in Axes
  7198 | D:9      | Reached skill level 5 in Slings
  7198 | D:9      | Reached skill level 10 in Shields
  7304 | D:10     | Entered Level 10 of the Dungeon
  7304 | D:10     | Noticed a hill giant
  7314 | D:10     | Killed a hill giant
  7611 | D:10     | Noticed a hill giant
  7618 | D:10     | Killed a hill giant
  7653 | D:10     | Noticed a hill giant
  7658 | D:10     | Killed a hill giant
  7658 | D:10     | Reached skill level 10 in Fighting
  7658 | D:10     | Reached XP level 11. HP: 70/99 MP: 10/10
  7723 | D:10     | Found a staircase to the Orcish Mines.
  8558 | D:11     | Found a staircase to the Lair.
  8567 | D:11     | Noticed Josephine
  8579 | D:11     | Killed Josephine
  8585 | D:11     | HP: 4/101 [wraith[Josephine] (3)]
  8787 | Lair:1   | Entered Level 1 of the Lair of Beasts
  9011 | Lair:1   | Noticed a six-headed hydra
  9022 | Lair:1   | Killed a ten-headed hydra
  9548 | Lair:1   | Reached XP level 12. HP: 94/110 MP: 11/11
  9558 | Lair:1   | Upgraded the game from 0.19-a0-749-g66ae36b to 0.19-a0-770-g33a097e
 10199 | Lair:2   | Received a gift from Trog
 10385 | Lair:2   | Found a staircase to the Swamp.
 10659 | Lair:2   | Noticed a five-headed hydra
 10666 | Lair:2   | Killed a five-headed hydra
 11244 | Lair:3   | Noticed a five-headed hydra
 11253 | Lair:3   | Killed a five-headed hydra
 11291 | Lair:3   | Noticed a death yak
 11291 | Lair:3   | Noticed a death yak
 11291 | Lair:3   | Noticed a death yak
 11291 | Lair:3   | Noticed a death yak
 11292 | Lair:3   | Noticed a death yak
 11304 | Lair:3   | Killed a death yak
 11306 | Lair:3   | Killed a death yak
 11309 | Lair:3   | Noticed a death yak
 11314 | Lair:3   | Killed a death yak
 11315 | Lair:3   | Killed a death yak
 11317 | Lair:3   | Killed a death yak
 11321 | Lair:3   | Killed a death yak
 11543 | Lair:3   | Found a hole to the Spider Nest.
 11775 | Lair:3   | Noticed Maud
 11795 | Lair:3   | Killed Maud
 11795 | Lair:3   | Reached XP level 13. HP: 119/119 MP: 12/12
 11926 | Lair:3   | Received a gift from Trog
 12323 | Lair:4   | Received a gift from Trog
 14007 | Lair:6   | Entered Level 6 of the Lair of Beasts
 14392 | Lair:6   | Reached skill level 10 in Armour
 14441 | Lair:6   | Reached ****** piety under Trog
 14813 | Lair:6   | Received a gift from Trog
 14819 | Lair:6   | Found a staircase to the Slime Pits.
 14892 | Lair:6   | Reached XP level 14. HP: 129/129 MP: 4/13
 15166 | Lair:6   | Received a gift from Trog
 15540 | Lair:6   | Received a gift from Trog
 15946 | Lair:6   | Received a gift from Trog
 16034 | Lair:6   | Received a gift from Trog
 16113 | Lair:6   | Received a gift from Trog
 16584 | Lair:6   | Reached skill level 10 in Dodging
 17220 | Orc:1    | Entered Level 1 of the Orcish Mines
 17323 | Orc:1    | Found a roughly hewn altar of Beogh.
 17340 | Orc:1    | Received a gift from Trog
 17557 | Orc:2    | Entered Level 2 of the Orcish Mines
 17740 | Orc:2    | Found a staircase to the Elven Halls.
 18377 | Orc:2    | Mangled by an orc warrior

Vault maps used:
D:1:      ncdulo_watergridlock
D:3:      lemuel_doored_altar, kennysheep_generic_room_5
D:4:      nicolae_overflow_hidden_temple, serial_shops, shop, shop_scrolls,
          nicolae_shop_crystal, nicolae_shop_waterfront, first_bread,
          uniq_blork_the_orc, uniq_sigmund
D:5:      gup_sewer_entry_bowl
D:6:      nicolae_gozag_seed_capital, wad_woods_river_04, grunt_ministairs_3,
          hangedman_decor_diamond_cutter
D:7:      lemuel_crystal_altar
D:9:      serial_ice, serial_ice_n, serial_ice_b, serial_ice_o, serial_ice_h,
          basic_altar
D:10:     orc_0_dummy
D:11:     erik_lair_orcish_takeover, david_nohive_1, uniq_josephine
Lair:2:   swamp_mist_pool, minivault_11, serial_bayou_ford_a,
          nicolae_quartered_pool_medium, serial_bayou_pond_e, st_stairs_9
Lair:3:   nicolae_spider_entry_orb_guardian, bobbens_dragon_lair_wall,
          grunt_megastairs_1, infiniplex_staircase_pool, uniq_maud
Lair:5:   infiniplex_staircase_pool_2
Lair:6:   hangedman_lair_tendril_chambers, hangedman_lair_caniforms_friends,
          minmay_slime_entry_oklob_enclosed
Orc:1:    nicolae_orc_accident_2
Orc:2:    st_orc_pillars
Sewer:    kennysheep_door_sewer

Skill      XL: |  1  2  3  4  5  6  7  8  9 10 11 12 13 14 |
---------------+-------------------------------------------+-----
Axes           | 4 5 6 7 9 10 11 12 13 14 | 14.7
Fighting       | 4 5 7 8 10 11 12 13 14 | 14.5
Shields        | 1 5 6 7 8 10 11 13 14 | 14.9
Armour         | 3 4 5 6 7 8 9 10 | 10.7
Slings         | 1 2 3 4 5 6 7 8 9 |  9.3
Dodging        | 3 4 5 6 7 8 9 10 | 10.2

Action                   |  1- 3 |  4- 6 |  7- 9 | 10-12 | 13-15 || total
-------------------------+-------+-------+-------+-------+-------++-------
Melee: Hand axe          |    75 |   103 |   267 |    98 |       ||   543
       Headbutt          |    13 |    18 |    58 |   136 |   139 ||   364
       War axe           |       |       |       |   369 |    55 ||   424
       Broad axe         |       |       |       |       |   536 ||   536
 Fire: Hunting sling     |       |       |       |    82 |    67 ||   149
Invok: Burn Spellbooks   |     1 |       |     2 |     1 |     2 ||     6
       Berserk           |       |     2 |     5 |     4 |     4 ||    15
       Trog's Hand       |       |       |     2 |     1 |     2 ||     5
Evoke: Wand              |       |       |       |       |     3 ||     3
  Use: Scroll            |       |       |       |     8 |     4 ||    12
       Potion            |       |       |       |       |     1 ||     1
  Eat: Chunk             |     1 |     6 |     9 |    20 |    27 ||    63
       Fruit             |       |       |     7 |     2 |       ||     9
       Beef jerky        |       |       |     1 |       |       ||     1
       Royal jelly       |       |       |       |     1 |       ||     1
Armor: Animal skin       |    17 |     1 |       |       |       ||    18
       Plate armour      |       |    43 |   187 |   246 |   381 ||   857
Dodge: Dodged            |    52 |    36 |    95 |   195 |   396 ||   774
Block: Buckler           |       |    18 |    63 |   134 |   285 ||   500
